 Dungeon Crawl Stone Soup version 0.26.1-11-gd32895ea62 (webtiles) character file.

Game seed: 13126951339112283917

510286 dtburroughs the Slayer (level 24, -30/229 HPs)
             Began as a Minotaur Berserker on June 29, 2021.
             Was the Champion of Trog.
             Killed from afar by a deep elf annihilator (106 damage)
             ... with a crystal spear
             ... on level 5 of the Vaults on June 30, 2021.
             The game lasted 04:20:54 (79660 turns).

dtburroughs the Slayer (Minotaur Berserker)        Turns: 79660, Time: 04:20:54

Health: -30/229    AC: 32    Str: 30    XL:     24   Next: 30%
Magic:  22/22      EV: 17    Int: 10    God:    Trog [******]
Gold:   821        SH: 24    Dex: 14    Spells: 23/23 levels left

rFire    + + +     SeeInvis .   A - +8 broad axe "Vuozut" {vorpal, rPois rF+ rC+}
rCold    + + +     Faith    .   n - +3 kite shield
rNeg     . . .     Spirit   .   T - +0 gold dragon scales
rPois    +         Reflect  +   F - +2 hat
rElec    .         Harm     +   e - scarf {rC+ rF+}
rCorr    .         Rampage  .   m - +1 pair of gloves of Delightful Joy {Harm}
Will     +++..                  P - +2 pair of boots
Stlth    ..........             t - amulet of reflection
HPRegen  0.48/turn              X - ring of Baverucw {*Contam Will+ Str+6 Int+2}
MPRegen  0.18/turn              M - ring of willpower

@: no status effects
A: retaliatory headbutt, horns 2, clumsy 1, screaming 1
}: 2/15 runes: decaying, gossamer
a: Renounce Religion, Berserk, Trog's Hand, Brothers in Arms


You were on level 5 of the Vaults.
You worshipped Trog.
Trog was exalted by your worship.
You visited 7 branches of the dungeon, and saw 41 of its levels.
You also visited: Gauntlet and Ice Cave.

You collected 4713 gold pieces.
You spent 3892 gold pieces at shops.

Inventory:

Hand Weapons
 A - the +8 broad axe "Vuozut" (weapon) {vorpal, rPois rF+ rC+}
   (Trog gifted it to you on level 1 of the Depths)

   It inflicts extra damage upon your enemies.
   It protects you from fire.
   It protects you from cold.
   It protects you from poison.
 S - the +3 broad axe of Panentheism {flame, rElec SInv}
   (Trog gifted it to you on level 10 of the Dungeon)

   It has been specially enchanted to burn those struck by it, causing extra
   injury to most foes and up to half again as much damage against particularly
   susceptible opponents.
   Big, fiery blades are also staple armaments of hydra-hunters.
   It insulates you from electricity.
   It lets you see invisible.
Armour
 e - a scarf of resistance (worn)
 m - the +1 pair of gloves of Delightful Joy (worn) {Harm}
   (You found it on level 4 of the Lair of Beasts)

   It increases damage dealt and taken.
 n - a +3 kite shield (worn)
 F - a +2 hat (worn)
 P - a +2 pair of boots (worn)
 T - +0 gold dragon scales (worn)
Jewellery
 t - an amulet of reflection (around neck)
 M - a ring of willpower (right hand)
 X - the ring of Baverucw (left hand) {*Contam Will+ Str+6 Int+2}
   (You found it on level 5 of the Lair of Beasts)

   [ring of strength]

   It affects your strength (+6).
   It affects your intelligence (+2).
   It affects your willpower, your defense against some magical effects.
   It causes magical contamination when unequipped.
Wands
 i - a wand of iceblast (7)
 r - a wand of random effects (37)
 B - a wand of digging (5)
 H - a wand of polymorph (50)
 I - a wand of flame (44)
 R - a wand of paralysis (3)
 Z - a wand of acid (10)
Scrolls
 b - 2 scrolls of enchant armour
 c - 6 scrolls of fear
 d - 2 scrolls of remove curse
 h - 3 scrolls of identify
 k - 2 scrolls of magic mapping
 o - 9 scrolls of immolation
 p - 27 scrolls of teleportation
 u - a scroll of noise
 C - a scroll of silence
 D - 10 scrolls of fog
 K - a scroll of summoning
 L - a scroll of holy word
 Q - 2 scrolls of blinking
Potions
 f - 11 potions of curing
 g - 10 potions of haste
 j - 5 potions of resistance
 l - 11 potions of lignification
 q - 5 potions of flight
 s - 7 potions of mutation
 v - 5 potions of invisibility
 w - 4 potions of heal wounds
 z - 4 potions of cancellation
 E - 7 potions of ambrosia
 N - 2 potions of might
Miscellaneous
 a - a phial of floods
 y - a condenser vane
 J - a phantom mirror
 U - a box of beasts


   Skills:
 + Level 21.6 Fighting
 + Level 21.6 Axes
 + Level 21.4 Armour
 + Level 20.0 Dodging
 + Level 17.6 Shields
 + Level 16.5 Evocations


You had 23 spell levels left.
You didn't know any spells.
Your spell library was empty.

Dungeon Overview and Level Annotations

Branches:
Dungeon (15/15)            Temple (0/1) D:6            Lair (6/6) D:11
  Swamp (4/4) Lair:3       Spider (4/4) Lair:4        Slime (0/5) Lair:6
    Orc (2/2) D:12            Elf (0/3) Orc:2        Vaults (5/5) D:13
  Crypt (0/3) Vaults:2     Depths (5/5) D:15            Zot (0/5) Depths:5
  IceCv (visited)         Gauntlet (visited)

Altars:
Kikubaaqudgha
Nemelex Xobeh
Okawaru
Yredelemnul
Beogh

Shops:
D:7 (   D:8 =   D:13 *   D:14 [   Orc:1 *}!?   Orc:2 }:[*(   Vaults:1 !
Vaults:3 *(?=:   Depths:1 }=   Depths:5 !

Portals:
Hell: Depths:1 Depths:2 Depths:3 Depths:4 Depths:5
Abyss: Depths:4
Pandemonium: Depths:1 Depths:3 Depths:4
Ziggurat: Depths:1
Trove: D:14 (show abyssal rune of Zot)

Annotations:
D:4 3 runed translucent doors, PaiMei's ghost, amateur DsNe
Lair:2 3 runed translucent doors, JBAR's ghost, journeyman TrTm
Spider:1 Roxanne
Spider:3 1 runed translucent door, Nuqucugaca's ghost, adept HOFi
Vaults:2 exclusion: orange crystal statue


Innate Abilities, Weirdness & Mutations

You reflexively headbutt those who attack you in melee.
You have a pair of horns on your head.
You are clumsy. (Dex -2)
You occasionally shout uncontrollably at your foes.


Message History

You hit the white very ugly thing but do no damage.
You block the white very ugly thing's attack.
A great orb of eyes comes into view.
The quicksilver dragon breathes dispelling energy at you.
The bolt of dispelling energy hits you but does no damage.
Your magical effects are unravelling.
The yaktaur captain unwields a +0 arbalest.
You block the yaktaur captain's attack.
A golden eye comes into view.
The tormentor calls on the powers of darkness!
The deep elf demonologist convulses!
Your body is wracked with pain!
The deep elf annihilator convulses!
The great orb of eyes convulses!
The white very ugly thing convulses!
The yaktaur captain convulses!
The yaktaur convulses!
The deep elf high priest convulses!
The golden eye convulses!
The tengu reaver convulses!
The yaktaur convulses!
The quicksilver dragon convulses!
The death knight convulses!
The sentinel's mark upon you fades away.
The deep elf annihilator gestures at you while chanting.
The crystal spear hits you!!!!
You die...

,,**,,,,**,,*,,,,*,,*,,,,,,,,,,,,
,****,,***#,#....#.#*,,,,,,**,,,*
,****,,**##p#....#.#,*******,,,,,
,,**,,,,*#(.#....#(##*,,,,,,,,,,,
,,,,,,,,,..c........,,,,,,,,,,,,,
*********##..(.*Q..#####*********
,,,,,,,,,...((([9(......,,,,,,,,,
,,,,,,,,,....eccuL....?.,,,,,,,,,
,,,,,,,,,G...<[)@([.....,,,,,,,,,
,,,,,,,,,....[<<2e(.....,,,,,,,,,
*********##..e([[[(#####*********
,,,,,,,,,G.....[((1..,,*,,,,,* *,
,,,,,,,,,...#....#....,*,,,,,* *,
***,,,***#.,#....#.....#,,,,,* *,
**,,***,,.,,#....#.....#,,,,,***,
*,,**,,,,,,,#....######D*****,,,*
*,**,,****,,*,,,,*,,,,,*,,,,,***,


You could see an ancient lich (empowered), a white very ugly thing, a Brimstone
Fiend (summoned), a quicksilver dragon (catching breath), a tengu reaver
(empowered), a death knight, a yaktaur captain, a deep elf annihilator
(empowered, extremely poisoned), a great orb of eyes, a deep elf demonologist
(empowered), a war gargoyle, a deep elf high priest (brilliance aura), 2
yaktaurs, a tormentor (summoned), a battlesphere and a golden eye.

Vanquished Creatures
  A juggernaut (Depths:2)
  Nikola (Swamp:1)
  2 golden dragons
  Arachne (Spider:4)
  4 liches
  Rupert (Spider:1)
  A tentacled monstrosity (Depths:4)
  Jorgrun (Swamp:1)
  A titan (Depths:1)
  4 sphinxes
  Gastronok (Orc:1)
  Kirke (Spider:1)
  4 tengu reavers
  Donald (Swamp:4)
  4 fenstrider witches (Swamp:4)
  A revenant (Vaults:2)
  5 draconian monks (Depths:5)
  2 shadow dragons
  9 frost giants
  A draconian knight (Depths:5)
  3 emperor scorpions
  A juggernaut zombie (Depths:1)
  10 fire giants
  2 iron dragons
  2 deep elf sorcerers
  8 ghost moths
  11 vault wardens
  Aizul (Swamp:2)
  2 caustic shrike zombies (Depths:4)
  A draconian annihilator (Depths:5)
  3 reapers
  13 ironheart preservers
  2 spriggan defenders (Depths:5)
  21 very ugly things
  20 stone giants
  4 vampire knights
  3 black draconians (Depths:5)
  3 green draconians (Depths:5)
  A purple draconian (Depths:5)
  8 spark wasps
  3 deep elf demonologists
  3 entropy weavers
  4 white draconians (Depths:5)
  A dire elephant (shapeshifter) (Depths:1)
  10 bunyips
  A minotaur (Gauntlet)
  4 red draconians (Depths:5)
  Snorg (D:14)
  A blizzard demon (Swamp:4)
  Josephine (Orc:1)
  7 eleionomae
  2 deep elf death magi
  11 ettins
  16 yaktaur captains
  12 fire dragons
  A shambling mangrove (Swamp:2)
  2 jiangshi (Depths:2)
  A crystal guardian (Vaults:2)
  6 great orbs of eyes
  8 rakshasas
  4 boulder beetles
  16 ice dragons
  13 hydras
  38 vault guards
  A spriggan air mage (Depths:1)
  Erica (Lair:1)
  2 catoblepae
  10 ghost crabs
  8 centaur warriors
  12 deep troll shamans
  3 death knights
  20 ogre magi
  42 two-headed ogres
  9 alligators
  17 death yaks
  4 deep troll earth magi
  5 vampire magi
  A shock serpent (shapeshifter) (Depths:5)
  8 tengu warriors
  10 spriggan berserkers
  An orc high priest (Orc:2)
  13 hell knights
  6 iron trolls
  A soul eater (Swamp:4)
  4 goliath frogs
  A storm dragon zombie (Vaults:4)
  5 deep elf knights
  A death drake (Depths:5)
  3 skeletal warriors (D:12)
  2 salamander mystics
  3 shadow wraiths
  A fire crab (shapeshifter) (Vaults:3)
  4 flayed ghosts
  An unseen horror (D:15)
  A goliath frog (shapeshifter) (Vaults:1)
  22 deep trolls
  13 spriggan druids
  5 glowing orange brains
  8 swamp dragons
  6 deep elf archers
  5 phantasmal warriors
  12 orc knights
  9 necromancers
  5 bog bodies
  10 ironbrand convokers
  A sphinx zombie (Vaults:2)
  6 wizards
  Pikel (D:4)
  An orb spider (shapeshifter) (Vaults:2)
  5 lindwurms
  15 orb spiders
  4 oklob plants (Lair:3)
  A stone giant zombie (Depths:1)
  54 ugly things
  26 wolf spiders
  3 manticores
  2 fire giant zombies
  10 elephants
  11 orc sorcerers
  3 centaur zombies
  2 tengu skeletons
  7 cyclopes
  3 will-o-the-wisps
  21 deep elf magi
  5 salamanders
  A frost giant skeleton (Depths:1)
  A salamander (shapeshifter) (Depths:2)
  2 ice statues (IceCv)
  Psyche (D:10)
  Joseph (D:7)
  20 vault sentinels
  A fire giant skeleton (Vaults:4)
  A black mamba (Lair:2)
  An elf zombie (Depths:4)
  A smoke demon (Depths:3)
  5 apocalypse crabs (Swamp:3)
  2 stone giant skeletons
  5 torpor snails
  3 gargoyles
  3 human zombies
  4 orange demons
  9 cane toads
  2 kobold demonologists (D:12)
  A komodo dragon (shapeshifter) (Depths:4)
  53 yaktaurs
  6 freezing wraiths
  10 komodo dragons
  16 demonic crawlers
  2 guardian mummies (D:14)
  3 hellwings (Swamp:4)
  4 tengu conjurers
  A golden dragon simulacrum (Depths:4)
  8 ice devils (IceCv)
  A polar bear (shapeshifter) (Vaults:3)
  A queen bee (Spider:1)
  38 jumping spiders
  7 trolls
  3 meliai (Spider:1)
  A meliai (shapeshifter) (Depths:1)
  8 tyrant leeches
  6 polar bears
  A sphinx simulacrum (Vaults:4)
  A hornet (shapeshifter) (Vaults:4)
  A raiju (shapeshifter) (D:15)
  3 wind drakes (Depths:5)
  A wolf spider simulacrum (D:14)
  51 slime creatures
  32 hornets
  18 blink frogs
  An ettin zombie (Vaults:2)
  A meliai zombie (D:15)
  11 dream sheep
  3 large abominations (Gauntlet)
  A centaur simulacrum (D:14)
  A stone giant simulacrum (Vaults:4)
  2 shadows
  30 tarantellas
  2 vampires
  A tarantella (shapeshifter) (Depths:2)
  8 water elementals
  69 redbacks
  Sigmund (D:2)
  9 humans (D:13)
  11 wraiths
  56 yaks
  20 spriggans
  3 basilisks
  A basilisk (shapeshifter) (Vaults:3)
  8 wyverns
  2 fire bats (Depths:3)
  A steam dragon (Lair:3)
  9 vampire mosquitoes
  4 chaos spawn
  3 neqoxecs
  2 wargs
  12 swamp worms
  An acid dragon (D:11)
  12 water moccasins
  40 orc warriors
  Duvessa (D:4)
  3 swamp drakes
  2 black bears
  A hornet zombie (D:14)
  A meliai simulacrum (D:14)
  4 sky beasts
  8 ice beasts
  13 boggarts
  6 small abominations (Gauntlet)
  An ettin simulacrum (Vaults:3)
  An eye of draining (D:11)
  A necrophage (D:9)
  4 phantoms
  11 wolves
  18 centaurs
  41 ogres
  An elf simulacrum (Vaults:1)
  8 big kobolds
  15 bullfrogs
  A gnoll sergeant (D:7)
  Blork the orc (D:4)
  2 wyvern zombies
  Dowan (D:4)
  3 wyvern skeletons
  4 scorpions
  3 human simulacra
  17 killer bees
  20 wights
  3 electric eels
  5 howler monkeys
  A bullfrog zombie (D:7)
  An iron imp (Depths:3)
  4 hounds
  8 jellies
  22 orc priests
  37 orc wizards
  4 centaur skeletons
  3 iguanas
  Natasha (thrice) (D:2)
  18 worker ants
  6 hell rats (Lair:1)
  A hound zombie (D:7)
  A hound skeleton (D:8)
  8 gnolls
  14 adders
  A river rat (shapeshifter) (Depths:1)
  2 shadow imps
  15 white imps
  9 ufetubi
  3 oozes
  An adder zombie (D:7)
  2 adder skeletons
  A worm (shapeshifter) (Depths:1)
  2 worms
  6 dart slugs
  3 leopard geckos
  89 orcs
  7 giant cockroaches
  4 hobgoblins
  13 jackals
  22 kobolds
  6 quokkas
  2 ball pythons
  4 bats
  9 frilled lizards
  6 goblins
  A quokka skeleton (D:5)
  7 rats
2018 creatures vanquished.

Vanquished Creatures (collateral kills)
  Frederick (Vaults:3)
  Xtahua (Vaults:2)
  Jory (Vaults:2)
  A vault warden (Vaults:1)
  2 emperor scorpions (Spider:4)
  An orc warlord (Orc:2)
  An ironheart preserver (Vaults:1)
  A bunyip (Swamp:4)
  2 spark wasps (Spider:4)
  An entropy weaver (Spider:2)
  A yaktaur captain (Vaults:1)
  A boulder beetle (Spider:2)
  A centaur warrior (Vaults:2)
  Sonja (Lair:3)
  A soul eater (Swamp:3)
  A deep troll (Vaults:1)
  A phantasmal warrior (Vaults:1)
  3 orb spiders (Spider:1)
  An ugly thing (Vaults:2)
  An orc knight (Vaults:2)
  5 wolf spiders
  2 slime creatures (Vaults:1)
  2 demonic crawlers (Spider:2)
  A yaktaur (Vaults:1)
  A freezing wraith (Vaults:1)
  A jumping spider (Spider:1)
  A troll (Orc:2)
  A hornet (Spider:3)
  2 tarantellas
  2 redbacks (Spider:2)
  2 vampire mosquitoes (Spider:2)
  A warg (Orc:2)
  An orc warrior (Vaults:2)
  A centaur (Vaults:2)
  2 killer bees (Spider:1)
  2 orcs (Orc:2)
51 creatures vanquished.

Vanquished Creatures (others)
  A fire giant (Depths:3)
  A vault guard (D:13)
  A death drake (Depths:5)
  A deep elf mage (Swamp:4)
  2 bloated husks (Swamp:2)
  A hornet (Swamp:2)
  A wind drake (Depths:5)
  A spriggan (Swamp:2)
  2 humans (Spider:1)
  An orc warrior (Vaults:2)
  A swamp drake (Depths:5)
  A centaur (D:14)
  An orc priest (Orc:2)
  A white imp (IceCv)
  4 ufetubi (IceCv)
  4 orcs
  6 foxfires
  10 fungi
  127 plants
  4 withered plants
171 creatures vanquished.

Grand Total: 2240 creatures vanquished

Notes
Turn   | Place    | Note
-------+----------+-------------------------------------------
     0 | D:1      | dtburroughs the Minotaur Berserker began the quest for the
                  | Orb.
     0 | D:1      | Reached XP level 1. HP: 19/19 MP: 0/0
   343 | D:1      | Reached XP level 2. HP: 27/27 MP: 1/1
   540 | D:1      | Reached XP level 3. HP: 26/33 MP: 2/2
  1063 | D:2      | Reached ** piety under Trog
  1191 | D:2      | Noticed Natasha
  1201 | D:2      | Killed Natasha
  1202 | D:2      | Reached XP level 4. HP: 35/41 MP: 3/3
  1256 | D:2      | Noticed Natasha
  1268 | D:2      | Killed Natasha
  1318 | D:2      | Noticed Natasha
  1323 | D:2      | Killed Natasha
  1325 | D:2      | Reached XP level 5. HP: 46/47 MP: 4/4
  1463 | D:2      | Noticed Sigmund
  1484 | D:2      | Killed Sigmund
  1485 | D:2      | Reached skill level 5 in Fighting
  1485 | D:2      | Reached skill level 5 in Axes
  1485 | D:2      | Reached XP level 6. HP: 46/56 MP: 5/5
  2144 | D:3      | Reached *** piety under Trog
  2443 | D:3      | Reached skill level 5 in Armour
  2632 | D:3      | Reached XP level 7. HP: 62/62 MP: 6/6
  2932 | D:4      | Noticed Blork the orc
  2944 | D:4      | Killed Blork the orc
  3039 | D:4      | Noticed Pikel
  3042 | D:4      | Noticed Duvessa
  3048 | D:4      | Noticed Dowan
  3049 | D:4      | Killed Pikel
  3050 | D:4      | Reached skill level 5 in Dodging
  3050 | D:4      | Reached XP level 8. HP: 54/71 MP: 7/7
  3055 | D:4      | Killed Duvessa
  3225 | D:4      | Killed Dowan
  3424 | D:4      | Found a runed translucent gate.
  3424 | D:4      | Noticed PaiMei's ghost (amateur DsNe)
  3439 | D:4      | Found a runed translucent gate.
  3440 | D:4      | Found a runed translucent gate.
  3442 | D:4      | Identified the +3 dagger of the Saviour {vorpal, Will+
                  | Int+3}
  3442 | D:4      | Identified the +6 chain mail of Magic {MP+9 Int+4 SInv
                  | Stlth+}
  3444 | D:4      | Got a shimmering copper ring
  3555 | D:4      | Found an iron altar of Okawaru.
  3812 | D:4      | Found a roughly hewn altar of Beogh.
  3859 | D:5      | Entered Level 5 of the Dungeon
  4028 | D:5      | Reached **** piety under Trog
  4980 | D:6      | Reached XP level 9. HP: 79/80 MP: 8/8
  5951 | D:6      | Found a staircase to the Ecumenical Temple.
  6192 | D:6      | Identified the ring "Biguehol" {rF+ Slay+2 Stlth-} (You
                  | found it on level 4 of the Dungeon)
  6428 | D:7      | Reached skill level 1 in Evocations
  6430 | D:7      | Noticed Joseph
  6446 | D:7      | Killed Joseph
  6705 | D:7      | Found Digoidde's Weapon Emporium.
  7001 | D:7      | Reached XP level 10. HP: 91/91 MP: 9/9
  7419 | D:7      | Found a basalt altar of Yredelemnul.
  7886 | D:8      | Noticed a two-headed ogre
  7893 | D:8      | Killed a two-headed ogre
  8043 | D:8      | Found Fein's Jewellery Emporium.
  8815 | D:9      | Found an ancient bone altar of Kikubaaqudgha.
  8926 | D:9      | Got a crude scale mail
  8940 | D:9      | Reached ***** piety under Trog
  9007 | D:9      | Identified the +5 scale mail of Sot Niosasu {rElec rC+
                  | Will+ Int-5} (You found it on level 9 of the Dungeon)
  9059 | D:9      | Reached skill level 10 in Fighting
  9135 | D:9      | Reached skill level 10 in Axes
  9778 | D:10     | Entered Level 10 of the Dungeon
 10052 | D:10     | Noticed a two-headed ogre
 10072 | D:10     | Reached skill level 10 in Armour
 10126 | D:10     | Killed a two-headed ogre
 10127 | D:10     | Reached XP level 11. HP: 34/101 MP: 10/10
 10608 | D:10     | Noticed Psyche
 10614 | D:10     | Killed Psyche
 11190 | D:10     | Received a gift from Trog
 11196 | D:10     | Got an iridescent broad axe {god gift}
 11197 | D:10     | Identified the +3 broad axe of Panentheism {flame, rElec
                  | SInv} (Trog gifted it to you on level 10 of the Dungeon)
 11324 | D:11     | Reached skill level 5 in Evocations
 11527 | D:11     | Found a sparkling altar of Nemelex Xobeh.
 11633 | D:11     | Reached skill level 10 in Dodging
 12110 | D:11     | Found a staircase to the Lair.
 12650 | D:11     | Noticed a two-headed ogre
 12661 | D:11     | Killed a two-headed ogre
 12662 | D:11     | Reached XP level 12. HP: 102/110 MP: 11/11
 12932 | Lair:1   | Entered Level 1 of the Lair of Beasts
 13034 | Lair:1   | Noticed Erica
 13046 | Lair:1   | Killed Erica
 13324 | Lair:1   | Noticed a seven-headed hydra
 13559 | D:11     | Killed a seven-headed hydra
 15092 | Lair:2   | Found a runed translucent gate.
 15092 | Lair:2   | Found a runed translucent gate.
 15092 | Lair:2   | Found a runed translucent gate.
 15092 | Lair:2   | Noticed JBAR's ghost (journeyman TrTm)
 15976 | Lair:3   | Noticed Sonja
 15990 | Lair:3   | Killed Sonja
 16428 | Lair:3   | Noticed an eight-headed hydra
 16440 | Lair:3   | Killed an eight-headed hydra
 16766 | Lair:3   | Noticed a death yak
 16766 | Lair:3   | Noticed a death yak
 16778 | Lair:3   | Killed a death yak
 16783 | Lair:3   | Killed a death yak
 16787 | Lair:3   | Reached XP level 13. HP: 96/119 MP: 12/12
 16880 | Lair:3   | Found a staircase to the Swamp.
 17928 | Lair:4   | Found a hole to the Spider Nest.
 19297 | Lair:4   | Got a pair of faintly humming gloves
 19308 | Lair:4   | Identified the +1 pair of gloves of Delightful Joy {Harm}
                  | (You found it on level 4 of the Lair of Beasts)
 19609 | Lair:5   | Got a smoking bronze ring
 20602 | Lair:6   | Entered Level 6 of the Lair of Beasts
 20603 | Lair:6   | Found a staircase to the Slime Pits.
 20993 | Lair:6   | Identified the ring of Baverucw {*Contam Will+ Str+6 Int+2}
                  | (You found it on level 5 of the Lair of Beasts)
 21410 | Lair:6   | Reached XP level 14. HP: 130/130 MP: 13/13
 21618 | Lair:6   | Received a gift from Trog
 23947 | Lair:3   | HP: 6/132 [acid (16)]
 25304 | D:12     | Found a staircase to the Orcish Mines.
 26848 | D:13     | Found Maoggu's Assorted Antiques.
 26978 | D:13     | Reached skill level 1 in Shields
 27203 | D:13     | Found a gate to the Vaults.
 27348 | D:13     | Received a gift from Trog
 27597 | D:14     | Found Ynkut's Antique Armour Shoppe.
 27660 | D:14     | Found a portal to a secret trove of treasure.
 27754 | D:14     | Found a frozen archway.
 27761 | IceCv    | Entered an ice cave
 28339 | IceCv    | Noticed a reaper
 28344 | IceCv    | Killed a reaper
 28345 | IceCv    | Reached XP level 15. HP: 112/139 MP: 14/14
 28354 | IceCv    | Found the +8 demon blade "Leech" {vamp, *Rage +Rage rN+}
 28764 | D:14     | Reached skill level 10 in Evocations
 29174 | D:14     | Noticed Snorg
 29185 | D:14     | Killed Snorg
 29824 | D:15     | Entered Level 15 of the Dungeon
 30073 | D:14     | Reached skill level 15 in Axes
 30220 | D:15     | Received a gift from Trog
 31068 | D:15     | Found a staircase to the Depths.
 31874 | Orc:1    | Entered Level 1 of the Orcish Mines
 31877 | Orc:1    | Found Giappej's Assorted Antiques.
 31878 | Orc:1    | Found Pedihedo's Gadget Emporium.
 32015 | Orc:1    | Bought a potion of heal wounds for 125 gold pieces
 32015 | Orc:1    | Bought a scroll of fear for 87 gold pieces
 32015 | Orc:1    | Bought a scroll of teleportation for 75 gold pieces
 32087 | Orc:2    | Entered Level 2 of the Orcish Mines
 32292 | Orc:2    | Reached skill level 15 in Fighting
 32503 | Orc:2    | Reached ****** piety under Trog
 32559 | Orc:2    | Reached skill level 5 in Shields
 32561 | Orc:2    | Found Olimefrey's Book Shoppe.
 32561 | Orc:2    | Found Ifik's Antique Weapon Emporium.
 32561 | Orc:2    | Found Ucocvyuf's General Store.
 32565 | Orc:2    | Found Punoplas's Antique Armour Shoppe.
 32579 | Orc:2    | Found a staircase to the Elven Halls.
 32580 | Orc:2    | Noticed an orc warlord
 32593 | Orc:2    | Found Usiprula's Gadget Emporium.
 32607 | Orc:2    | Reached skill level 15 in Armour
 32623 | Orc:2    | Killed an orc warlord
 32649 | Orc:2    | Found a gate leading to a gauntlet.
 32658 | Gauntlet | Entered a Gauntlet
 32658 | Gauntlet | Found a transporter.
 32794 | Gauntlet | Found a transporter.
 32809 | Gauntlet | Found a transporter.
 32812 | Gauntlet | Found a transporter.
 32823 | Gauntlet | Found a transporter.
 32843 | Gauntlet | Found a transporter.
 32856 | Gauntlet | Found a transporter.
 32876 | Gauntlet | Found a transporter.
 32878 | Gauntlet | Found a transporter.
 32889 | Gauntlet | Found a transporter.
 32907 | Gauntlet | Found a transporter.
 32923 | Gauntlet | Received a gift from Trog
 32999 | Gauntlet | Got a scorched marble ring
 33316 | Orc:2    | Bought a scroll of fear for 42 gold pieces
 33821 | Orc:1    | Found Soarhucu's Distillery.
 34097 | Orc:1    | Noticed Josephine
 34112 | Orc:1    | Killed Josephine
 34145 | Orc:1    | Noticed Gastronok
 34402 | Orc:1    | Killed Gastronok
 34424 | Orc:1    | Found a roughly hewn altar of Beogh.
 34466 | Orc:1    | Found a roughly hewn altar of Beogh.
 34467 | Orc:1    | Bought a potion of haste for 130 gold pieces
 34467 | Orc:1    | Bought a potion of curing for 39 gold pieces
 34467 | Orc:1    | Bought a potion of curing for 39 gold pieces
 34467 | Orc:1    | Bought a potion of lignification for 39 gold pieces
 34593 | Orc:1    | Found Emoerookk's Magic Scroll Shoppe.
 34605 | Orc:1    | Bought a scroll of teleportation for 36 gold pieces
 34605 | Orc:1    | Bought a scroll of teleportation for 36 gold pieces
 34605 | Orc:1    | Bought a scroll of remove curse for 36 gold pieces
 34605 | Orc:1    | Bought a scroll of magic mapping for 42 gold pieces
 34605 | Orc:1    | Bought a scroll of teleportation for 36 gold pieces
 34605 | Orc:1    | Bought a scroll of magic mapping for 42 gold pieces
 35171 | Lair:1   | Identified the ring "Vuh Cani" {AC+4 Str+2} (You found it
                  | in a Gauntlet)
 35266 | Spider:1 | Entered Level 1 of the Spider Nest
 35855 | Spider:1 | Identified Roxanne's Volume of Moulding
 35855 | Spider:1 | Noticed Roxanne
 35923 | Spider:1 | Noticed Rupert
 36268 | Spider:1 | Killed Rupert
 36269 | Spider:1 | Reached XP level 16. HP: 47/149 MP: 15/15
 36686 | Spider:1 | Noticed Kirke
 36696 | Spider:1 | Killed Kirke
 37057 | Spider:1 | You fall into a shaft and drop 1 floor!
 37727 | Spider:2 | HP: 3/150 [wolf spider (21)]
 37784 | Spider:2 | Received a gift from Trog
 39226 | Spider:3 | Found a runed translucent door.
 39227 | Spider:3 | Noticed Nuqucugaca's ghost (adept HOFi)
 40254 | Spider:4 | Entered Level 4 of the Spider Nest
 41250 | Spider:4 | Reached skill level 15 in Dodging
 41250 | Spider:4 | Noticed Arachne
 41257 | Spider:4 | Reached XP level 17. HP: 125/158 MP: 16/16
 41266 | Spider:4 | Killed Arachne
 41698 | Spider:4 | Received a gift from Trog
 43717 | Spider:4 | Got a gossamer rune of Zot
 44008 | Swamp:1  | Entered Level 1 of the Swamp
 44084 | Swamp:1  | Received a gift from Trog
 44309 | Swamp:1  | Noticed Nikola
 44321 | Swamp:1  | Killed Nikola
 44500 | Swamp:1  | Noticed Jorgrun
 44509 | Swamp:1  | Killed Jorgrun
 44971 | Swamp:2  | Reached skill level 10 in Shields
 45577 | Swamp:2  | Found an ancient bone altar of Kikubaaqudgha.
 46671 | Swamp:2  | Reached XP level 18. HP: 142/169 MP: 17/17
 47682 | Swamp:3  | Noticed Aizul
 47700 | Swamp:2  | Killed Aizul
 48177 | Swamp:3  | Found a runed translucent door.
 48581 | Swamp:3  | Got a bloodstained hand axe
 49286 | Swamp:3  | Identified the cursed +1 hand axe of the Orange Skies
                  | {vorpal, rC- rN+++ Int-4 Dex+3} (You found it on level 3 of
                  | the Swamp)
 49295 | Swamp:4  | Entered Level 4 of the Swamp
 49778 | Swamp:4  | Received a gift from Trog
 50200 | Swamp:4  | Gained mutation: You are clumsy. (Dex -2) [a neqoxec]
 50216 | Swamp:4  | Gained mutation: You are weak. (Str -2) [a neqoxec]
 50359 | Swamp:4  | Gained mutation: You occasionally shout uncontrollably at
                  | your foes. [a neqoxec]
 51923 | Swamp:4  | Noticed Donald
 51943 | Swamp:4  | Killed Donald
 52261 | Swamp:4  | Got a decaying rune of Zot
 52639 | Vaults:1 | Entered Level 1 of the Vaults
 53096 | Vaults:1 | Found an ancient bone altar of Kikubaaqudgha.
 53399 | Vaults:1 | Reached XP level 19. HP: 179/179 MP: 18/18
 53510 | Vaults:1 | Received a gift from Trog
 54416 | Vaults:1 | Found Buif's Distillery.
 54424 | Vaults:1 | Bought 2 potions of haste for 300 gold pieces
 54424 | Vaults:1 | Bought a potion of curing for 45 gold pieces
 54424 | Vaults:1 | Bought a potion of curing for 45 gold pieces
 54424 | Vaults:1 | Bought a potion of heal wounds for 75 gold pieces
 54424 | Vaults:1 | Bought a potion of haste for 150 gold pieces
 55934 | Vaults:2 | Received a gift from Trog
 56783 | Vaults:2 | Noticed Xtahua
 56794 | Vaults:2 | Killed Xtahua
 57517 | Vaults:2 | Noticed Jory
 57527 | Vaults:2 | Killed Jory
 57870 | Vaults:2 | Received a gift from Trog
 57871 | Vaults:2 | Reached XP level 20. HP: 161/189 MP: 19/19
 58386 | Vaults:2 | Found a staircase to the Crypt.
 59388 | Orc:2    | Bought a slimy plate armour for 812 gold pieces
 59400 | Orc:2    | Identified the +4 plate armour of Zin's Condemnation {rC+
                  | rN+} (You bought it in a shop on level 2 of the Orcish
                  | Mines)
 59686 | Vaults:3 | Found Machenneugoy's General Store.
 59695 | Vaults:3 | Bought a scroll of fear for 45 gold pieces
 59695 | Vaults:3 | Bought a potion of curing for 39 gold pieces
 59695 | Vaults:3 | Bought a scroll of fog for 26 gold pieces
 59702 | Vaults:3 | Found Ipef's Magic Scroll Shop.
 59708 | Vaults:3 | Bought a scroll of blinking for 82 gold pieces
 59708 | Vaults:3 | Bought 2 scrolls of teleportation for 66 gold pieces
 59720 | Vaults:3 | Found Wavaem's Jewellery Shoppe.
 60127 | Vaults:3 | Received a gift from Trog
 60356 | Vaults:3 | Noticed Frederick
 60360 | Vaults:3 | Killed Frederick
 60975 | Vaults:3 | Paralysed by a great orb of eyes for 5 turns
 61187 | Vaults:3 | Found Dookas's Antique Weapon Boutique.
 61298 | Vaults:3 | Found Subeffoc's Book Shoppe.
 61578 | Vaults:3 | Received a gift from Trog
 62327 | Vaults:4 | Reached XP level 21. HP: 198/198 MP: 20/20
 62965 | Vaults:4 | Got a pair of fading boots
 62966 | Vaults:4 | Identified the +0 pair of boots of the Transparent Wumpus
                  | {*Corrode MP+9 Int+4 Dex+3} (You found it on level 4 of the
                  | Vaults)
 63096 | Vaults:4 | Received a gift from Trog
 64189 | Depths:1 | Entered Level 1 of the Depths
 64242 | Depths:1 | Found a gateway to a ziggurat.
 64746 | Depths:1 | You fall into a shaft and drop 1 floor!
 65417 | Depths:1 | Found a gateway to Hell.
 65478 | Depths:1 | Found Xitzeude's Gadget Emporium.
 65478 | Depths:1 | Found Tuoqenit's Jewellery Boutique.
 65479 | Depths:1 | Found Xompooji's Jewellery Boutique.
 65722 | Depths:1 | Received a gift from Trog
 65725 | Depths:1 | Got a polished broad axe {god gift}
 65726 | Depths:1 | Identified the +8 broad axe "Vuozut" {vorpal, rPois rF+
                  | rC+} (Trog gifted it to you on level 1 of the Depths)
 65778 | Depths:1 | Bought an uncursed ring of willpower for 575 gold pieces
 65902 | Depths:1 | Reached skill level 15 in Shields
 66394 | Depths:1 | Found a one-way gate leading to the halls of Pandemonium.
 66537 | Depths:1 | Noticed a golden dragon
 67033 | Depths:1 | Reached skill level 15 in Evocations
 67158 | Depths:1 | Killed a golden dragon
 67460 | Depths:1 | Reached XP level 22. HP: 188/209 MP: 21/21
 67881 | Depths:1 | Got a faintly glowing buckler
 68346 | Depths:2 | Received a gift from Trog
 68354 | Depths:2 | Got a warped war axe {god gift}
 68355 | Depths:2 | Identified the +11 war axe "Taqyevur" {vorpal, rF+} (Trog
                  | gifted it to you on level 2 of the Depths)
 68761 | Depths:2 | Identified the +0 buckler of the Bouncing Ears {*Drain +Inv
                  | rF+++ Dex-5} (You found it on level 1 of the Depths)
 69844 | Depths:2 | Got an ichor-stained plate armour
 69845 | Depths:2 | Identified the +9 plate armour of the Orb {rElec rCorr MP-9
                  | SInv} (You found it on level 2 of the Depths)
 70024 | Depths:2 | Received a gift from Trog
 70096 | Depths:2 | Noticed a golden dragon
 70104 | Depths:2 | Killed a golden dragon
 70249 | Depths:2 | Noticed a juggernaut
 70263 | Depths:2 | Killed a juggernaut
 71389 | Depths:3 | Received a gift from Trog
 71737 | Depths:3 | Lost mutation: You are weak. (Str -2) [a neqoxec]
 72616 | Depths:4 | Reached XP level 23. HP: 183/217 MP: 22/22
 72976 | Depths:4 | Found a one-way gate to the infinite horrors of the Abyss.
 73228 | Depths:4 | Received a gift from Trog
 73236 | Depths:4 | Got an ichor-stained war axe {god gift}
 73283 | Depths:4 | Identified the +7 war axe "Isoolal" {flame, rF+} (Trog
                  | gifted it to you on level 4 of the Depths)
 75205 | Depths:4 | Received a gift from Trog
 75288 | Depths:4 | Identified the +8 war axe "Akkonn Resa" {vorpal, Str+2
                  | Int+2} (You found it on level 4 of the Depths)
 76111 | Depths:5 | Entered Level 5 of the Depths
 76284 | Depths:5 | Received a gift from Trog
 76927 | Depths:5 | Found Les Pepp's Distillery.
 76942 | Depths:5 | Bought a potion of curing for 69 gold pieces
 76942 | Depths:5 | Bought a potion of curing for 69 gold pieces
 76942 | Depths:5 | Bought a potion of heal wounds for 115 gold pieces
 76942 | Depths:5 | Bought a potion of heal wounds for 115 gold pieces
 76942 | Depths:5 | Bought a potion of haste for 230 gold pieces
 76942 | Depths:5 | Bought a potion of resistance for 230 gold pieces
 78473 | Depths:5 | Reached XP level 24. HP: 228/228 MP: 22/22
 78476 | Depths:5 | Found a gate to the Realm of Zot.
 79420 | Vaults:5 | Entered Level 5 of the Vaults
 79432 | Vaults:5 | Received a gift from Trog
 79624 | Vaults:5 | Noticed an ancient lich
 79660 | Vaults:5 | Killed from afar by a deep elf annihilator

Illustrated notes

Levels and vault maps discovered:
D:1:      psy_arrival_radial01, layout_basic
D:2:      layout_rooms, uniq_natasha, uniq_sigmund
D:3:      cheibrodos_thug_alley, layout_rooms, serial_co_window_serial,
          co_window_corner_a, co_window_paths_a, co_window_of_opportunity_a,
          co_window_corner_a, co_window_paths_b, co_window_paths_a,
          co_window_corner_b, co_window_broadway_c, co_window_of_opportunity_c,
          co_window_2corner, co_window_4corner_a, co_window_paths_e,
          glass_columns_c, glass_columns_b, glass_columns_a, glass_columns_b,
          glass_columns_a
D:4:      layout_cave_pools, biasface_ghost_orc_armoury,
          kennysheep_okawaru_gauntlet, uniq_blork_the_orc, uniq_pikel,
          uniq_duvessa
D:5:      layout_loops_corners, kennysheep_potato
D:6:      layout_basic, minmay_temple_entry_slanted
D:7:      wad_guarded_room, layout_basic, yredelemnul_altar_generic,
          serial_shops, nicolae_shop_stone, st_stairs_3, uniq_joseph
D:8:      cheibrodos_iron_armory, layout_cave_pools, serial_shops,
          nicolae_shop_waterfront, hangedman_glass_teeth
D:9:      layout_loops_corners, basic_altar
D:10:     layout_grid_maze, uniq_psyche
D:11:     minmay_inner_zag, layout_gridville, erik_lair_dragon,
          nemelex_diamond_rough_becter
D:12:     layout_irregular_city, david_orc_3, amethyst_killhole,
          grunt_ministairs_9
D:13:     layout_cross, ximxim_vaults_locker_room, serial_shops,
          nicolae_shop_overgrown_old_shop, nrook_mini_backslash, grunt_livestock
D:14:     layout_basic, serial_ice, serial_ice_k, serial_ice_c, serial_ice_n,
          serial_ice_d, portal_ice_cave_entry_pillars_2,
          nicolae_trove_entry_path_of_doom, serial_shops, nicolae_shop_crystal,
          uniq_snorg
D:15:     grunt_enter_depths_hoard, layout_cave_pools
Lair:1:   layout_hall_layers, infiniplex_staircase_pool_2, uniq_erica
Lair:2:   layout_misc_corridors, ebering_ghost_rock_garden
Lair:3:   layout_gridlike, skrybe_swamp_entry_bodies, serial_bayou_shore_b,
          grunt_megastairs_1, minmay_lair_oklob_chamber, serial_bayou_shore_b,
          uniq_sonja
Lair:4:   layout_layer_cave, spider_nest_entry_webs, grunt_megastairs_5
Lair:5:   layout_regular_city, nicolae_lair_yak_garden
Lair:6:   grunt_lair_end_beastmaster, layout_cellular_growth, slime_dummy
Swamp:1:  layout_falls_marsh, evilmike_swamp_ruin_house_3,
          infiniplex_staircase_pool, uniq_jorgrun, uniq_nikola
Swamp:2:  nzn_winding_woodlands_cross [nzn_winding_woodlands_5x15_garden,
          nzn_winding_woodlands_5x15_concentric,
          nzn_winding_woodlands_5x15_river_crossing,
          nzn_winding_woodlands_5x15_pockets,
          nzn_winding_woodlands_15x15_five_gardens], layout_basic_swamp,
          nicolae_swamp_godswood, swamp_pool4, hangedman_swamp_blocks
Swamp:3:  gammafunk_mikee_crab_dinner, layout_basic_swamp,
          hangedman_swamp_diagram, uniq_aizul
Swamp:4:  nzn_swamp_witches_coven, layout_basic_swamp, swamp_pool2,
          nicolae_swamp_little_tower, uniq_donald
Spider:1: layout_spider_delve, special_room [special_room_bee],
          guppyfry_spider_mini_3, uniq_roxanne, uniq_rupert, uniq_kirke
Spider:2: layout_spider_delve, einodemon_crawler_minivault
Spider:3: layout_spider_delve, gammafunk_ghost_grave
Spider:4: spider_rune_water, uniq_arachne
Orc:1:    layout_caves, basic_altar, serial_shops, shop_statue,
          nicolae_shop_behind_doors, shop, shop_fountains, minmay_orc_temple_a,
          uniq_josephine, uniq_gastronok
Orc:2:    st_orc_mages, layout_caves, serial_shops, nicolae_shop_statue_plus,
          gauntlet_entry_generic
Vaults:1: nicolae_vaults_ring_of_whatevers,
          vaults_room_grunt_arrival_checkpoint, vaults_mumra_chevron_long,
          vaults_room_door_hall, v_misc_22, vaults_mumra_minichess_inversion,
          ontoclasm_vaults_hangar, st_cross, grunt_vaults_swirl,
          nicolae_vaults_rhombus_5, nicolae_vaults_network_star,
          hangedman_vaults_trim, grunt_vaults_hallway_short,
          nicolae_vaults_little_squares_6, layout_vaults_omnicross,
          serial_shops, nicolae_shop_trees, basic_altar
Vaults:2: hangedman_vaults_locks, hangedman_vaults_variations,
          minmay_crypt_entry_simple_box, v_misc_11, v_misc_30,
          vaults_mumra_minichess, v_alt_pattern_6,
          nicolae_vaults_ring_of_whatevers, nicolae_vaults_statue_guard,
          vaults_room_hallway, layout_vaults_quadrants, uniq_jory, uniq_xtahua
Vaults:3: st_squares, v_misc_24, hangedman_vaults_impose,
          ontoclasm_vaults_decontamination, ontoclasm_vaults_tryst, v_misc_19,
          v_misc_30, hangedman_vaults_stream, grunt_vaults_focal,
          nicolae_vaults_three_branches, vaults_room_stairs_pillars,
          v_pattern_5, vaults_mumra_hexcomb, layout_vaults_omnibox,
          serial_shops, shop, shop, nicolae_shop_stone,
          nicolae_shop_statue_plus, nicolae_shop_stone, uniq_frederick
Vaults:4: ontoclasm_vaults_bender, nicolae_vaults_alarming,
          nicolae_vaults_little_squares_1, v_misc_23, grunt_vaults_twisty,
          ontoclasm_vaults_ligature, v_misc_27, ontoclasm_vaults_loading_screen,
          ontoclasm_vaults_gateway, ontoclasm_vaults_eye,
          ontoclasm_vaults_misaligned, layout_vaults_ring
Vaults:5: serial_shops, uniq_margery
Depths:1: lemuel_traditional_vault, layout_small_grid, enter_ziggurat_b,
          pan_entry, hell_entry, corexii_leaking_fountain, due_unseen_surprise,
          serial_bayou_shore_a, kennysheep_random_hallway, minmay_shop_grove
Depths:2: cell_vault, layout_cave_pools, hell_entry,
          serial_sigils_hangedman_stare, serial_bayou_shore_b,
          serial_bayou_shore_b, serial_bayou_shore_b
Depths:3: evilmike_inaccessible_box, layout_basic,
          hangedman_decor_clover_reticule, rand_demon_pan_entry_9,
          grunt_hell_entry_dis_mu, dk_noncrumbling_3
Depths:4: minmay_box_of_statues, layout_cave_pools, minmay_strange_pillars,
          abyss_entry, pf_vacation_house_of_asmodeus, pan_entry,
          infiniplex_staircase_split_hallway
Depths:5: lemuel_castle_with_subvaults [lemuel_castle_interior_original],
          layout_gridlike, hangedman_coc_ice_floe, serial_shops, shop,
          amcnicky_mini_corridor_feature, serial_bayou_shore_b

Skill      XL: |  1  2  3  4  5  6  7  8  9 10 11 12 13 14 15 16 17 18 19 20 21 22 23 24 |
---------------+-------------------------------------------------------------------------+-----
Axes           | 4 5 6 7 9 10 11 12 13 14 15 16 17 18 19 20 21 | 21.6
Fighting       | 4 5 6 7 9 10 11 12 13 14 15 16 17 18 19 20 21 | 21.6
Armour         | 3 4 5 6 7 8 10 11 12 13 14 15 16 17 18 19 20 21 | 21.4
Dodging        | 3 4 5 6 8 9 10 11 12 13 14 15 16 17 18 19 20 | 20.0
Evocations     | 2 4 6 7 8 9 10 11 12 13 14 15 16 | 16.5
Shields        | 2 6 8 10 11 13 14 15 16 17 | 17.6

Action                   |  1- 3 |  4- 6 |  7- 9 | 10-12 | 13-15 | 16-18 | 19-21 | 22-24 || total
-------------------------+-------+-------+-------+-------+-------+-------+-------+-------++-------
Melee: Hand axe          |    65 |   112 |     8 |       |       |       |       |       ||   185
       Headbutt          |    12 |    24 |    64 |   119 |   227 |   265 |   361 |   341 ||  1413
       War axe           |       |       |   193 |       |       |       |       |    81 ||   274
       Battleaxe         |       |       |    92 |   265 |       |       |       |       ||   357
       Broad axe         |       |       |       |   322 |   940 |  1068 |  1388 |  1014 ||  4732
       Dire flail        |       |       |       |    13 |    11 |       |       |       ||    24
Invok: Trog's Hand       |       |     1 |     3 |     6 |     9 |     9 |    10 |     6 ||    44
       Berserk           |       |       |     3 |     1 |     3 |       |       |       ||     7
       Brothers in Arms  |       |       |       |     1 |     2 |     9 |     6 |       ||    18
Evoke: Wand              |       |       |       |     4 |    85 |    45 |     4 |     4 ||   142
  Use: Scroll            |       |       |     5 |     7 |    18 |    19 |    12 |    10 ||    71
       Potion            |       |       |       |       |     9 |    16 |     4 |       ||    29
 Stab: Sleeping          |     1 |       |       |       |       |       |       |       ||     1
       Paralysed         |       |       |       |       |       |    13 |     2 |       ||    15
       Confused          |       |       |       |       |       |     1 |       |     3 ||     4
       Held in net/web   |       |       |       |       |       |     1 |       |       ||     1
       Distracted        |       |       |       |       |       |       |     1 |       ||     1
Armor: Animal skin       |     7 |       |       |       |       |       |       |       ||     7
       Chain mail        |    19 |    58 |   106 |    56 |       |       |       |       ||   239
       Scale mail        |       |       |       |   216 |   413 |   482 |    99 |       ||  1210
       Skin              |       |       |       |     1 |       |       |       |       ||     1
       Ice dragon scales |       |       |       |       |     3 |       |       |       ||     3
       Plate armour      |       |       |       |       |       |       |   176 |       ||   176
       Gold dragon scale |       |       |       |       |       |       |     3 |   294 ||   297
Dodge: Dodged            |    33 |    41 |   148 |   395 |   660 |   779 |   439 |   291 ||  2786
Block: Other             |       |       |    97 |   167 |    64 |       |       |       ||   328
       Reflection        |       |       |     3 |     5 |    43 |    31 |   114 |    61 ||   257
       Kite shield       |       |       |       |       |   613 |  1161 |  1052 |   854 ||  3680
